 Dungeon Crawl Stone Soup version 0.28.0-49-g6dfe1f597d (webtiles) character file.

Game seed: 15783887305984161744

2392 Exodus22XD the Cleaver (level 9, -20/78 HPs)
             Began as a Minotaur Fighter on May 20, 2022.
             Was a Priest of Makhleb.
             Killed from afar by Maggie (33 damage)
             ... with a bolt of fire
             ... on level 7 of the Dungeon.
             The game lasted 00:05:30 (5818 turns).

Exodus22XD the Cleaver (Minotaur Fighter)           Turns: 5818, Time: 00:05:30

Health: -20/78     AC: 10    Str: 26    XL:     9   Next: 22%
Magic:  11/11      EV: 14    Int:  5    God:    Makhleb [***...]
Gold:   431        SH:  5    Dex:  9    Spells: 8/8 levels left

rFire   . . .      SeeInvis .   a - +0 war axe
rCold   . . .      Faith    .   c - +0 buckler
rNeg    . . .      Spirit   .   b - +0 scale mail
rPois   .          Reflect  .   (helmet restricted)
rElec   .          Harm     .   (no cloak)
rCorr   .          Rampage  .   (no gloves)
Will    .....                   f - +1 pair of boots
Stlth   ..........              (no amulet)
HPRegen 0.23/turn               g - +4 ring of evasion
MPRegen 0.12/turn               (no ring)

@: mesmerised
A: horns 2, retaliatory headbutt
a: Renounce Religion, Minor Destruction, Lesser Servant of Makhleb


You were on level 7 of the Dungeon.
You worshipped Makhleb.
Makhleb was most pleased with you.
You visited 1 branch of the dungeon, and saw 7 of its levels.

You collected 431 gold pieces.

Inventory:

Hand Weapons
 a - a +0 war axe (weapon)
 k - a +1 flail of protection
Armour
 b - a +0 scale mail (worn)
 c - a +0 buckler (worn)
 f - a +1 pair of boots (worn)
Jewellery
 g - a +4 ring of evasion (left hand)
 y - a ring of wizardry
Wands
 l - a wand of polymorph (14)
 q - a wand of flame (20)
 r - a wand of iceblast (11)
 u - a wand of acid (10)
Scrolls
 e - 7 scrolls of identify {unknown}
 h - a scroll of fog {unknown}
 i - 4 scrolls of enchant weapon {unknown}
 m - a scroll of teleportation {unknown}
 o - 3 scrolls of torment {unknown}
 t - a scroll of fear {unknown}
 w - 2 scrolls of blinking {unknown}
Potions
 d - 3 potions of might
 j - 4 potions of heal wounds {unknown}
 n - a potion of ambrosia {unknown}
 p - a potion of berserk rage {unknown}
 s - a potion of cancellation {unknown}
 v - a potion of degeneration {unknown}
 x - a potion of curing {unknown}
 z - a potion of attraction {unknown}


   Skills:
 + Level 6.6 Fighting
 + Level 9.9 Axes
 + Level 7.4 Armour
 - Level 1.7 Dodging
 + Level 6.0 Shields
 * Level 4.1 Invocations


You had 8 spell levels left.
You didn't know any spells.
Your spell library was empty.

Dungeon Overview and Level Annotations

Branches:
Dungeon (7/15)             Temple (0/1) D:4

Altars:
Fedhas
Makhleb
Ru
Vehumet
Wu Jian
Yredelemnul
Zin

Annotations:
D:7 Maggie


Innate Abilities, Weirdness & Mutations

You have a pair of horns on your head.
You reflexively headbutt those who attack you in melee.


Message History

Maggie hits you with a +0 halberd!
You barely miss Maggie.
Maggie is moderately wounded.
Maggie casts a spell at you. The bolt of fire hits you!!
You slash Maggie!
Maggie is heavily wounded.
Maggie gestures wildly while chanting.
Maggie attempts to bespell you!
You are mesmerised by Maggie!
You closely miss Maggie. You headbutt Maggie.
Maggie is heavily wounded.
Maggie barely misses you.
You barely miss Maggie. You headbutt Maggie!
Maggie is almost dead.
Maggie gestures wildly while chanting.
Maggie draws you further into her thrall.
You slash Maggie!
Maggie is almost dead.
Maggie hits you with a +0 halberd.
You closely miss Maggie.
Maggie is almost dead.
Maggie points at you and mumbles some strange words.
The bolt of fire misses you.
You barely miss Maggie.
Maggie is almost dead.
Maggie casts a spell at you. The bolt of fire hits you!!
* * * LOW HITPOINT WARNING * * *
You closely miss Maggie.
Maggie is almost dead.
Maggie closely misses you.
You closely miss Maggie. Your headbutt misses Maggie.
Maggie is almost dead.
Maggie misses you.
You closely miss Maggie. Your headbutt misses Maggie.
Maggie is almost dead.
Maggie gestures at you while chanting. The bolt of fire hits you!!
You die...

# #.##.#...# #.#.# #
#.##.#...# #.#.# #.##.###.#
#.#.# #############.##.# #.#
#.#.# #.............##.# #.#
#.#.#
#.##############.###.#####.#.#
#.# #.#......)..#.# #.#
#@#.#....)).#.# #.#
#@#.#######.#.# #.#
#.#.........#.# #.#
#.###########.## #.#
#..............# ..#
################ ###


You could see Maggie (mesmerising).

Vanquished Creatures
  A shadow (D:5)
  A wyvern (D:4)
  2 necrophages (D:6)
  A black bear (D:6)
  2 ogres
  3 phantoms (D:4)
  A kobold brigand (D:7)
  A bullfrog (D:6)
  3 scorpions
  2 water moccasin zombies
  A water moccasin skeleton (D:4)
  4 killer bees (D:5)
  A howler monkey (D:5)
  A centaur zombie (D:7)
  2 hounds (D:5)
  A jelly (D:6)
  2 orc priests (D:4)
  2 gnoll shamans
  3 bullfrog skeletons
  2 iguanas
  2 orc wizards (D:4)
  Natasha (thrice) (D:2)
  A killer bee zombie (D:6)
  2 hound skeletons (D:4)
  3 adders
  9 gnolls
  A white imp (D:7)
  An ufetubus (D:4)
  An adder skeleton (D:3)
  A dart slug (D:2)
  16 orcs
  4 bats
  3 endoplasms
  3 giant cockroaches
  5 goblins
  9 hobgoblins
  2 jackals (D:4)
  5 quokkas
  8 ball pythons
  9 kobolds
  3 rats
127 creatures vanquished.

Notes
Turn   | Place    | Note
-------+----------+-------------------------------------------
     0 | D:1      | Exodus22XD the Minotaur Fighter began the quest for the
                  | Orb.
     0 | D:1      | Reached XP level 1. HP: 19/19 MP: 0/0
   254 | D:1      | Reached XP level 2. HP: 22/27 MP: 1/1
   777 | D:2      | Found a glowing silver altar of Zin.
   786 | D:2      | Found a faded altar of an unknown god.
   792 | D:2      | Prayed at the altar of an unknown god.
   792 | D:2      | Became a worshipper of Makhleb the Destroyer
   792 | D:2      | Reached * piety under Makhleb
   897 | D:2      | Noticed Natasha
   901 | D:2      | Killed Natasha
   902 | D:2      | Reached skill level 3 in Axes
   902 | D:2      | Reached XP level 3. HP: 26/33 MP: 2/2
  1315 | D:2      | Noticed Natasha
  1322 | D:2      | Killed Natasha
  1323 | D:2      | Reached skill level 4 in Axes
  1323 | D:2      | Reached XP level 4. HP: 38/40 MP: 3/3
  1462 | D:2      | Noticed Natasha
  1467 | D:2      | Killed Natasha
  1621 | D:3      | You fall into a shaft and drop 2 floors!
  1621 | D:5      | Entered Level 5 of the Dungeon
  1631 | D:5      | Reached XP level 5. HP: 46/46 MP: 4/4
  1685 | D:5      | Reached ** piety under Makhleb
  1686 | D:5      | Reached skill level 5 in Axes
  1901 | D:5      | Noticed a shadow
  1910 | D:5      | Killed a shadow
  1911 | D:5      | Reached skill level 6 in Axes
  1911 | D:5      | Reached skill level 5 in Armour
  1911 | D:5      | Reached skill level 1 in Dodging
  1911 | D:5      | Reached XP level 6. HP: 40/53 MP: 5/5
  2072 | D:4      | Reached skill level 5 in Fighting
  2072 | D:4      | Reached XP level 7. HP: 61/61 MP: 6/6
  2090 | D:4      | Found a basalt altar of Yredelemnul.
  2164 | D:3      | Reached skill level 7 in Axes
  2415 | D:3      | Found a burning altar of Makhleb.
  2651 | D:4      | Reached skill level 1 in Invocations
  2967 | D:4      | Found a blossoming altar of Fedhas.
  2971 | D:4      | Found a sacrificial altar of Ru.
  2974 | D:4      | Found a glowing silver altar of Zin.
  2977 | D:4      | Found a radiant altar of Vehumet.
  3023 | D:4      | Reached skill level 5 in Shields
  3359 | D:4      | Found an ornate altar of the Wu Jian Council.
  3384 | D:4      | Noticed a wyvern
  3389 | D:4      | Killed a wyvern
  3390 | D:4      | Reached XP level 8. HP: 58/69 MP: 8/8
  3390 | D:4      | Reached *** piety under Makhleb
  3395 | D:4      | Reached skill level 8 in Axes
  3459 | D:4      | Found a staircase to the Ecumenical Temple.
  4383 | D:6      | Reached skill level 9 in Axes
  4642 | D:6      | Reached XP level 9. HP: 64/78 MP: 10/10
  5802 | D:7      | Noticed Maggie
  5818 | D:7      | Killed from afar by Maggie

Illustrated notes

Levels and vault maps discovered:
D:1:      dpeg_arrival_simpleton_b, layout_loops_ring
D:2:      layout_basic, hellmonk_ecumenical_altar_heavens_door, basic_altar,
          uniq_natasha
D:3:      layout_rooms, lightli_temple_of_fire
D:4:      layout_gridville, mainiacjoe_overflow_big_doors,
          grunt_temple_overflow_cloverleaf, minmay_temple_entry_statues_pillars,
          hangedman_decor_clover_reticule
D:5:      layout_rooms, kennysheep_crisscross, minmay_misc_feat_five
D:6:      layout_basic
D:7:      layout_basic, uniq_maggie

Skill      XL: |  1  2  3  4  5  6  7  8  9 |
---------------+----------------------------+-----
Fighting       | 4 5 6 |  6.6
Axes           | 3 4 6 7 9 |  9.9
Armour         | 4 5 6 7 |  7.4
Shields        | 4 5 6 |  6.0
Dodging        | 1 |  1.7
Invocations    | 2 3 4 |  4.1

Action                   |  1- 3 |  4- 6 |  7- 9 || total
-------------------------+-------+-------+-------++-------
Melee: War axe           |    44 |    70 |   238 ||   352
       Headbutt          |     6 |    11 |    34 ||    51
Invok: Minor Destruction |       |       |     1 ||     1
  Use: Potion            |       |     1 |     1 ||     2
Armor: Scale mail        |    12 |    17 |   125 ||   154
Dodge: Dodged            |    20 |    48 |   184 ||   252
Block: Buckler           |    10 |    16 |    62 ||    88
